[Event "45th FIDE Olympiad 2024"]
[Site "Budapest"]
[Date "2024.09.16"]
[Round "6.184"]
[White "Frick, Renato"]
[Black "Fitzsimons, David"]
[Result "0-1"]
[WhiteElo "1925"]
[BlackElo "2315"]
[PlyCount "108"]
[EventDate "2024.09.05"]
[EventType "team-tourn"]
[EventCountry "HUN"]
[WhiteTeam "Liechtenstein"]
[BlackTeam "Ireland"]
[WhiteTeamCountry "LIE"]
[BlackTeamCountry "IRL"]
[TimeControl "40/5400+30:1800+30"]

1. e4 c5 2. Nf3 d6 3. d4 cxd4 4. Nxd4 Nf6 5. Nc3 a6 6. h3 e5 7. Nde2 h5 8. Bg5 Be6 9. Bxf6 Qxf6 10. Nd5 Qd8 11. Qd3 Nd7 12. Nec3 Rc8 13. O-O-O g6 14. Kb1 Bh6 15. Rg1 h4 16. g3 Nc5 17. Qf3 Bg5 18. a3 b5 19. Qe2 Bh6 20. Qf3 Bg7 21. Ne3 hxg3 22. fxg3 Qb6 23. Ned5 Qb7 24. g4 Nd7 25. Be2 Nb6 26. Nf6+ Kf8 27. Rxd6 Rxc3 28. bxc3 Ke7 29. Rxe6+ fxe6 30. Rf1 Rf8 31. g5 Qc7 32. Ng8+ Ke8 33. Nf6+ Bxf6 34. gxf6 Na4 35. Qg4 Kf7 36. Rg1 Rg8 37. Qh4 Nxc3+ 38. Ka1 Qc5 39. Qh7+ Kf8 40. Qe7+ Qxe7 41. fxe7+ Kxe7 42. Bd3 Rh8 43. Rxg6 Rxh3 44. Rg7+ Kd6 45. Ra7 Rh1+ 46. Kb2 Na4+ 47. Ka2 Nc5 48. a4 Nxa4 49. Rxa6+ Kc5 50. Rxe6 Kb4 51. c3+ Nxc3+ 52. Kb2 Na4+ 53. Kc2 Rh2+ 54. Kd1 Nb2+ {0-} 0-1

[Event "45th FIDE Olympiad 2024"]
[Site "Budapest"]
[Date "2024.09.16"]
[Round "6.185"]
[White "Barbaria, Yacine"]
[Black "Duran Vega, Sergio"]
[Result "1-0"]
[WhiteElo "2179"]
[BlackElo "2308"]
[PlyCount "65"]
[EventDate "2024.09.05"]
[EventType "team-tourn"]
[EventCountry "HUN"]
[WhiteTeam "Tunisia"]
[BlackTeam "Costa Rica"]
[WhiteTeamCountry "TUN"]
[BlackTeamCountry "CRI"]
[TimeControl "40/5400+30:1800+30"]

1. e4 e5 2. Nf3 Nc6 3. Bc4 Bc5 4. d3 Nf6 5. c3 d6 6. Nbd2 a5 7. h3 O-O 8. Nf1 d5 9. exd5 Nxd5 10. Ng3 Nb6 11. Bb3 a4 12. Bc2 Re8 13. O-O Bf8 14. Re1 g6 15. Bg5 f6 16. Be3 a3 17. bxa3 Nd5 18. Bb3 Kg7 19. Bd2 Bxa3 20. d4 Bb2 21. Bxd5 Qxd5 22. dxe5 Kg8 23. Ne4 Rf8 24. Nxf6+ Rxf6 25. exf6 Bxa1 26. Re8+ Kf7 27. Rf8+ Ke6 28. Qxa1 Rb8 29. c4 Qxc4 30. f7 Qc5 31. Qe1+ Kd5 32. Re8 Bf5 33. Rxb8 1-0

[Event "45th FIDE Olympiad 2024"]
[Site "Budapest"]
[Date "2024.09.16"]
[Round "6.186"]
[White "Valdes Romero, Leonardo"]
[Black "Ben Ammar, Mohamed"]
[Result "1/2-1/2"]
[WhiteElo "2347"]
[BlackElo "2143"]
[PlyCount "88"]
[EventDate "2024.09.05"]
[EventType "team-tourn"]
[EventCountry "HUN"]
[WhiteTeam "Costa Rica"]
[BlackTeam "Tunisia"]
[WhiteTeamCountry "CRI"]
[BlackTeamCountry "TUN"]
[TimeControl "40/5400+30:1800+30"]

1. Nf3 Nf6 2. g3 d5 3. d4 c5 4. Bg2 cxd4 5. O-O g6 6. Nxd4 Bg7 7. c4 dxc4 8. Na3 O-O 9. Nxc4 Nbd7 10. Bd2 Nc5 11. Ba5 Qe8 12. Rc1 Ne6 13. b3 Nxd4 14. Qxd4 Ng4 15. Qd2 Qb5 16. h3 Nf6 17. Bc7 Be6 18. Qa5 a6 19. Rfd1 h5 20. a4 Qe8 21. h4 Bxc4 22. Rxc4 b5 23. Rcc1 Bh6 24. e3 bxa4 25. bxa4 Ng4 26. Bc6 Qc8 27. Re1 Qe6 28. Bxa8 Rxa8 29. Bf4 Qa2 30. Rf1 Bg7 31. Bc7 Bh6 32. Bb6 Qe6 33. Qc5 Ne5 34. Bc7 Nf3+ 35. Kg2 Qe4 36. Qc6 Nxh4+ 37. Kh2 Nf3+ 38. Kh1 Qg4 39. Qxa8+ Kh7 40. Kg2 Nh4+ 41. Kh1 Nf3 42. Kg2 Nh4+ 43. Kh2 Nf3+ 44. Kg2 Nh4+ 1/2-1/2

[Event "45th FIDE Olympiad 2024"]
[Site "Budapest"]
[Date "2024.09.16"]
[Round "6.187"]
[White "Taieb, Sahbi"]
[Black "Jimenez Garcia, Emmanuel"]
[Result "0-1"]
[WhiteElo "2118"]
[BlackElo "2352"]
[PlyCount "82"]
[EventDate "2024.09.05"]
[EventType "team-tourn"]
[EventCountry "HUN"]
[WhiteTeam "Tunisia"]
[BlackTeam "Costa Rica"]
[WhiteTeamCountry "TUN"]
[BlackTeamCountry "CRI"]
[TimeControl "40/5400+30:1800+30"]

1. c4 g6 2. Nc3 Bg7 3. g3 e5 4. Bg2 Ne7 5. Nf3 d5 6. cxd5 Nxd5 7. O-O O-O 8. d3 Ne7 9. Bg5 h6 10. Bd2 Nbc6 11. Rc1 Rb8 12. a3 b6 13. Qc2 Be6 14. b4 a6 15. Nd1 Qd7 16. Bc3 Rfc8 17. Qb2 Nd4 18. e3 Nxf3+ 19. Bxf3 Qxd3 20. Bg2 c5 21. Bxe5 Bxe5 22. Qxe5 cxb4 23. Rxc8+ Rxc8 24. axb4 Rc1 25. Nb2 Qb1 26. g4 Bxg4 27. Qxe7 Qxb2 28. h3 Be6 29. Qd8+ Kh7 30. Qxb6 Rc2 31. e4 Qa3 32. Kh2 Rb2 33. Qd6 a5 34. Qe5 axb4 35. Rd1 Rxf2 36. Kg1 Qe3 37. Qd4 Qxd4 38. Rxd4 Rb2 39. Bf1 b3 40. Rb4 Rd2 41. h4 b2 {0-} 0-1

[Event "45th FIDE Olympiad 2024"]
[Site "Budapest"]
[Date "2024.09.16"]
[Round "6.188"]
[White "Pastor Carvajal, Jeigoth"]
[Black "Amdouni, Zoubaier"]
[Result "0-1"]
[WhiteElo "2120"]
[BlackElo "2151"]
[PlyCount "74"]
[EventDate "2024.09.05"]
[EventType "team-tourn"]
[EventCountry "HUN"]
[WhiteTeam "Costa Rica"]
[BlackTeam "Tunisia"]
[WhiteTeamCountry "CRI"]
[BlackTeamCountry "TUN"]
[TimeControl "40/5400+30:1800+30"]

1. e4 c5 2. Nc3 Nc6 3. f4 g6 4. Nf3 Bg7 5. a4 e6 6. e5 d6 7. Bb5 Nge7 8. Ne4 dxe5 9. fxe5 O-O 10. Nf6+ Kh8 11. d4 Nd5 12. dxc5 Nxe5 13. Nxd5 exd5 14. O-O Nxf3+ 15. Qxf3 Be6 16. Ra3 Rc8 17. b4 a6 18. Be2 a5 19. c3 Bf5 20. Be3 Re8 21. Rd1 Qe7 22. Kf2 Bg4 23. Qxg4 Qxe3+ 24. Kf1 axb4 25. Ra2 bxc3 26. Rxd5 Rxc5 27. Rxc5 Qxc5 28. Qc4 Qe3 29. Qd3 Qf4+ 30. Qf3 Qc1+ 31. Bd1 Rd8 32. Ke1 Qb1 33. Rc2 Qb3 34. Kf1 Qc4+ 35. Be2 Qxa4 36. Bd3 b5 37. Qxf7 Rf8 {0-} 0-1

[Event "45th FIDE Olympiad 2024"]
[Site "Budapest"]
[Date "2024.09.16"]
[Round "6.189"]
[White "Wiedenkeller, Michael"]
[Black "Camacho Collados, Jose"]
[Result "0-1"]
[WhiteElo "2406"]
[BlackElo "2352"]
[PlyCount "78"]
[EventDate "2024.09.05"]
[EventType "team-tourn"]
[EventCountry "HUN"]
[WhiteTeam "Luxembourg"]
[BlackTeam "Wales"]
[WhiteTeamCountry "LUX"]
[BlackTeamCountry "WLS"]
[TimeControl "40/5400+30:1800+30"]

1. d4 d5 2. c4 e6 3. Nf3 Nf6 4. g3 h6 5. Bg2 Bd6 6. O-O O-O 7. Nc3 Nc6 8. cxd5 exd5 9. Nb5 Bf5 10. Nxd6 cxd6 11. Bd2 Re8 12. Re1 a5 13. Qb3 Qd7 14. a4 Be4 15. Bc3 Ra6 16. Nd2 Bxg2 17. Kxg2 h5 18. e4 h4 19. exd5 h3+ 20. Kg1 Nb4 21. Rxe8+ Qxe8 22. Bxb4 Rb6 23. Qd3 Rxb4 24. b3 Nxd5 25. Nf3 Nf6 26. Ng5 Qd7 27. Re1 g6 28. f3 Kg7 29. Qe3 b5 30. axb5 Rxb5 31. g4 Nxg4 32. Qd2 Nf6 33. Ne4 Nh5 34. d5 Qa7+ 35. Kh1 Rxb3 36. Nxd6 Rxf3 37. Qb2+ Kh7 38. Ne4 Qe3 39. Qa1 Rf1+ {0-} 0-1

[Event "45th FIDE Olympiad 2024"]
[Site "Budapest"]
[Date "2024.09.16"]
[Round "6.190"]
[White "Toczek, Grzegorz"]
[Black "Berend, Elvira"]
[Result "0-1"]
[WhiteElo "2301"]
[BlackElo "2219"]
[PlyCount "85"]
[EventDate "2024.09.05"]
[EventType "team-tourn"]
[EventCountry "HUN"]
[WhiteTeam "Wales"]
[BlackTeam "Luxembourg"]
[WhiteTeamCountry "WLS"]
[BlackTeamCountry "LUX"]
[TimeControl "40/5400+30:1800+30"]

1. e4 c5 2. c3 Nf6 3. e5 Nd5 4. d4 cxd4 5. Nf3 e6 6. cxd4 d6 7. Bc4 Be7 8. O-O O-O 9. Qe2 b6 10. Nbd2 Bb7 11. Ne4 dxe5 12. dxe5 Nd7 13. h4 Qc7 14. Ng3 Rfc8 15. Bb3 Nb4 16. Bf4 Ba6 17. Qd2 Bxf1 18. Rxf1 Nf8 19. Nh5 Qd7 20. Qe1 Qd3 21. Bg5 Bxg5 22. Qxb4 Bh6 23. Qa4 b5 24. Qa6 Rc1 25. Rxc1 Bxc1 26. Qc6 Qb1 27. Kh2 Rd8 28. Qxb5 Qxb2 29. Qc5 a6 30. Qc4 Bh6 31. Ng3 Qxf2 32. Ne4 Qe3 33. Neg5 Bxg5 34. hxg5 Ng6 35. Qc7 Rf8 36. Bc2 Nf4 37. Qc4 Ne2 38. Qc6 Nd4 39. Nxd4 Qxe5+ 40. Kh1 Qxd4 41. Qxa6 Qh4+ 42. Kg1 Qxg5 43. a4 {0-} 0-1

[Event "45th FIDE Olympiad 2024"]
[Site "Budapest"]
[Date "2024.09.16"]
[Round "6.191"]
[White "Mertens, Marc"]
[Black "Blackburn, Jonathan L B"]
[Result "0-1"]
[WhiteElo "2120"]
[BlackElo "2202"]
[PlyCount "72"]
[EventDate "2024.09.05"]
[EventType "team-tourn"]
[EventCountry "HUN"]
[WhiteTeam "Luxembourg"]
[BlackTeam "Wales"]
[WhiteTeamCountry "LUX"]
[BlackTeamCountry "WLS"]
[TimeControl "40/5400+30:1800+30"]

1. e4 e6 2. d4 d5 3. Nd2 Nf6 4. e5 Nfd7 5. Bd3 c5 6. c3 Nc6 7. Ne2 cxd4 8. cxd4 f6 9. exf6 Nxf6 10. Nf3 Bd6 11. O-O Qc7 12. Bg5 O-O 13. Qc2 h6 14. Bh4 Nh5 15. Bh7+ Kh8 16. Bg6 Rxf3 17. Bxh5 Bxh2+ 18. Kh1 Rf5 19. Bg6 Bd6 20. Bxf5 exf5 21. f4 Qf7 22. Kg1 Bd7 23. Qd2 b5 24. Rf3 a5 25. Bf2 a4 26. Nc1 Qf6 27. Rb1 Bc7 28. b4 Re8 29. Re3 Re4 30. Rxe4 fxe4 31. Be3 Bg4 32. Ne2 Bxe2 33. Qxe2 Nxd4 34. Qg4 Nf5 35. Rc1 Nxe3 36. Qc8+ Bd8 {0-} 0-1

[Event "45th FIDE Olympiad 2024"]
[Site "Budapest"]
[Date "2024.09.16"]
[Round "6.192"]
[White "Bullen, Alex"]
[Black "Gengler, Pierre"]
[Result "1-0"]
[WhiteElo "2155"]
[BlackElo "2097"]
[PlyCount "191"]
[EventDate "2024.09.05"]
[EventType "team-tourn"]
[EventCountry "HUN"]
[WhiteTeam "Wales"]
[BlackTeam "Luxembourg"]
[WhiteTeamCountry "WLS"]
[BlackTeamCountry "LUX"]
[TimeControl "40/5400+30:1800+30"]

1. d4 Nf6 2. Nf3 g6 3. g3 Bg7 4. Bg2 O-O 5. O-O d6 6. Nc3 Nbd7 7. a4 c6 8. e4 e5 9. Re1 Qc7 10. h3 h6 11. Be3 b6 12. Qd2 Kh7 13. Rad1 Bb7 14. dxe5 dxe5 15. Qd6 Qc8 16. Nd2 Rd8 17. Qa3 Qc7 18. Qa2 Nf8 19. a5 Ne6 20. b4 Ba6 21. Nf3 Nd7 22. axb6 axb6 23. Qb3 b5 24. Ne2 Nb6 25. Bxb6 Qxb6 26. c3 Qc7 27. Rxd8 Rxd8 28. Rd1 Bc8 29. Nh2 h5 30. Nf1 Bh6 31. h4 Kg8 32. Qc2 Nf8 33. Rxd8 Qxd8 34. Nc1 Bxc1 35. Qxc1 Be6 36. Qd2 Qxd2 37. Nxd2 Nd7 38. Kf1 Nb6 39. Ke2 Kf8 40. Kd3 Ke7 41. Kc2 Kd6 42. Bf1 f6 43. Be2 Bf7 44. Nf3 Be8 45. Ne1 Bf7 46. Nf3 Bg8 47. Ne1 Be6 48. Ng2 Bc4 49. Bf3 Bf7 50. Ne3 Ke6 51. Kd3 Kd7 52. Kc2 Nc8 53. Nd1 Nd6 54. Nb2 Bc4 55. Nd1 Ke7 56. Ne3 Bf7 57. Kd3 Kd7 58. Nd1 g5 59. Ke3 Bg6 60. Nb2 g4 61. Bg2 f5 62. Nd3 Nc4+ 63. Ke2 Kd6 64. exf5 Bxf5 65. Nc5 Kc7 66. Be4 Nd6 67. Bxf5 Nxf5 68. Ne4 Ng7 69. Kd3 Kd7 70. Nc5+ Ke7 71. Ke4 Kd6 72. Nd3 Ne8 73. Nxe5 Nf6+ 74. Kd4 Nd5 75. Nf7+ Ke7 76. Ng5 Nf6 77. Ne4 Nd7 78. Nc5 Nf8 79. Nd3 Kf6 80. Nf4 Kf5 81. Nxh5 Ne6+ 82. Ke3 Ke5 83. f3 gxf3 84. Kxf3 c5 85. Nf4 cxb4 86. Nxe6 bxc3 87. Nc5 Kd4 88. Nb3+ Kd3 89. h5 Kc2 90. Nd4+ Kd3 91. Ne2 b4 92. h6 b3 93. Nxc3 Kxc3 94. h7 b2 95. h8=Q+ Kc2 96. Qxb2+ 1-0

[Event "45th FIDE Olympiad 2024"]
[Site "Budapest"]
[Date "2024.09.16"]
[Round "6.193"]
[White "Oatlhotse, Providence"]
[Black "Paiva, Donaldo"]
[Result "1-0"]
[WhiteElo "2239"]
[BlackElo "2139"]
[PlyCount "74"]
[EventDate "2024.09.05"]
[EventType "team-tourn"]
[EventCountry "HUN"]
[WhiteTeam "Botswana"]
[BlackTeam "Mozambique"]
[WhiteTeamCountry "BOT"]
[BlackTeamCountry "MOZ"]
[TimeControl "40/5400+30:1800+30"]

1. Nf3 Nf6 2. g3 d5 3. Bg2 c6 4. c4 dxc4 5. O-O b5 6. d3 cxd3 7. Ne5 Bb7 8. a4 b4 9. Nxd3 a5 10. Qc2 e6 11. Rd1 Qc8 12. Be3 Nd5 13. Bc5 Bxc5 14. Nxc5 O-O 15. Nd2 Ra7 16. e4 Nf6 17. Nc4 Ba8 18. e5 Nd5 19. Be4 h6 20. Rac1 Rd8 21. Bh7+ Kh8 22. Bd3 Qc7 23. Qe2 Nd7 24. Nxd7 Rxd7 25. Qe4 g6 26. Nd6 Qd8 27. Qd4 Kh7 28. Be4 Ne7 29. Qc5 Nc8 30. Rd3 f5 31. Bg2 Ne7 32. Rcd1 Nd5 33. Rc1 Qf8 34. Qd4 Qg7 35. Bxd5 exd5 36. Ne8 Qe7 37. Nf6+ Kg7 1-0

[Event "45th FIDE Olympiad 2024"]
[Site "Budapest"]
[Date "2024.09.16"]
[Round "6.194"]
[White "Jamal, Hamid Harmon Gulamo"]
[Black "Notha, Moakofi"]
[Result "1-0"]
[WhiteElo "1959"]
[BlackElo "1996"]
[PlyCount "113"]
[EventDate "2024.09.05"]
[EventType "team-tourn"]
[EventCountry "HUN"]
[WhiteTeam "Mozambique"]
[BlackTeam "Botswana"]
[WhiteTeamCountry "MOZ"]
[BlackTeamCountry "BOT"]
[TimeControl "40/5400+30:1800+30"]

1. e4 e5 2. Nf3 Nc6 3. Bc4 Bc5 4. c3 Qe7 5. O-O d6 6. d3 Nf6 7. Nbd2 Bb6 8. Bb3 Be6 9. Re1 Ng4 10. Re2 O-O 11. h3 Nf6 12. Nf1 h6 13. Re1 Rae8 14. N3h2 Qd7 15. Qf3 Bxb3 16. axb3 Qe6 17. b4 Nh7 18. Ng3 Ne7 19. Nf5 c6 20. Qg4 Qg6 21. Qf3 Ng5 22. Bxg5 Nxf5 23. exf5 Qxg5 24. Re4 g6 25. Rg4 Qh5 26. Nf1 d5 27. Ng3 e4 28. dxe4 dxe4 29. Qf4 Qxg4 30. Qxg4 e3 31. fxe3 Rxe3 32. Kh1 Kh7 33. fxg6+ fxg6 34. Rf1 Rxf1+ 35. Nxf1 Re7 36. c4 h5 37. Qh4 Rf7 38. Nd2 Bf2 39. Qe4 Rd7 40. Nf3 Bg3 41. Qc2 a6 42. Kg1 h4 43. Kf1 Re7 44. Qd3 Kg7 45. b5 cxb5 46. cxb5 axb5 47. Qxb5 Kh7 48. b4 Kg7 49. Qc5 Kf6 50. Qd4+ Kf7 51. Ng5+ Ke8 52. Ne4 Be5 53. Qd5 Rf7+ 54. Ke2 Bf4 55. Qe6+ Kf8 56. Qxg6 Ke7 57. Ng5 1-0

[Event "45th FIDE Olympiad 2024"]
[Site "Budapest"]
[Date "2024.09.16"]
[Round "6.195"]
[White "Monnaatsheko, Keletshabile"]
[Black "Napoleao, Lourenco"]
[Result "1/2-1/2"]
[WhiteElo "2064"]
[BlackElo "1913"]
[PlyCount "70"]
[EventDate "2024.09.05"]
[EventType "team-tourn"]
[EventCountry "HUN"]
[WhiteTeam "Botswana"]
[BlackTeam "Mozambique"]
[WhiteTeamCountry "BOT"]
[BlackTeamCountry "MOZ"]
[TimeControl "40/5400+30:1800+30"]

1. Nf3 d5 2. d4 Nf6 3. Bf4 c5 4. e3 Nc6 5. Nbd2 Qb6 6. dxc5 Qxb2 7. Rb1 Qc3 8. Bb5 g6 9. Be5 Qxc5 10. Bd4 Qd6 11. c4 Bd7 12. Bxf6 exf6 13. cxd5 Qxd5 14. Bc4 Qd6 15. O-O Be7 16. Rxb7 Na5 17. Rb1 Nxc4 18. Nxc4 Qa6 19. Qd4 Rd8 20. Qc3 Rc8 21. Rfc1 Be6 22. Nfd2 O-O 23. Qa5 Qxa5 24. Nxa5 Bxa2 25. Ra1 Rxc1+ 26. Rxc1 Bb4 27. Ndb3 Kg7 28. Ra1 Bxb3 29. Nxb3 Rd8 30. Kf1 Rd7 31. Ra6 Rd3 32. Nd4 Rd1+ 33. Ke2 Rd2+ 34. Kf3 Bc5 35. Nb3 Rd5 1/2-1/2

[Event "45th FIDE Olympiad 2024"]
[Site "Budapest"]
[Date "2024.09.16"]
[Round "6.196"]
[White "Joao, Farisse"]
[Black "Bayani, Kuda"]
[Result "0-1"]
[WhiteElo "1851"]
[BlackElo "1931"]
[PlyCount "146"]
[EventDate "2024.09.05"]
[EventType "team-tourn"]
[EventCountry "HUN"]
[WhiteTeam "Mozambique"]
[BlackTeam "Botswana"]
[WhiteTeamCountry "MOZ"]
[BlackTeamCountry "BOT"]
[TimeControl "40/5400+30:1800+30"]

1. c4 Nf6 2. Nf3 e6 3. Nc3 d5 4. d4 Be7 5. e3 c6 6. Bd3 dxc4 7. Bxc4 b5 8. Bd3 a6 9. O-O c5 10. dxc5 Bxc5 11. Qc2 Nbd7 12. Ne4 Be7 13. a4 b4 14. Rd1 Nd5 15. Ng3 N5f6 16. b3 Bb7 17. Bb2 Qa5 18. Rac1 Rc8 19. Qe2 O-O 20. Bc4 Rfd8 21. e4 Nf8 22. e5 Nd5 23. Ne4 Ng6 24. g3 Nb6 25. Nd6 Bxd6 26. exd6 Nxc4 27. bxc4 Qxa4 28. Ne5 Rc5 29. f4 Nxe5 30. Bxe5 Qc6 31. Kf2 Ra5 32. Ra1 Rxa1 33. Bxa1 Rxd6 34. Rxd6 Qxd6 35. Qe5 Qxe5 36. Bxe5 f6 37. Bd6 b3 38. Ba3 e5 39. Ke3 e4 40. Kd4 a5 41. Ke3 f5 42. Kd4 Kf7 43. Bb2 a4 44. Ba3 Kg6 45. Bc1 Kh5 46. h3 h6 47. Kc3 Bc6 48. Be3 Kg6 49. Bc1 Kf7 50. Kd4 Ke7 51. Ba3+ Kd7 52. Bc1 Kc7 53. Ba3 Kb6 54. Bc1 Be8 55. Kc3 Kc5 56. Be3+ Kd6 57. Bc1 Ke6 58. Kd4 Bc6 59. Kc3 Kf6 60. Kd4 g5 61. Kc3 Kg6 62. Be3 Be8 63. Kb2 Bf7 64. c5 gxf4 65. Bxf4 Bd5 66. Bc1 h5 67. h4 Kf6 68. Kc3 f4 69. gxf4 Kf5 70. Kb2 Kg4 71. Bd2 Kxh4 72. f5 Kg4 73. f6 Kf5 {0-} 0-1

[Event "45th FIDE Olympiad 2024"]
[Site "Budapest"]
[Date "2024.09.16"]
[Round "6.197"]
[White "Pg, Md Omar Ak Hafizon"]
[Black "Saraci, Nderim"]
[Result "0-1"]
[WhiteElo "2159"]
[BlackElo "2446"]
[PlyCount "58"]
[EventDate "2024.09.05"]
[EventType "team-tourn"]
[EventCountry "HUN"]
[WhiteTeam "Brunei Darussalam"]
[BlackTeam "Kosovo"]
[BlackTeamCountry "KOS"]
[TimeControl "40/5400+30:1800+30"]

1. e4 d5 2. exd5 Qxd5 3. Nc3 Qd6 4. d4 Nf6 5. h3 a6 6. a4 Nc6 7. Nf3 Bf5 8. Bd3 Bxd3 9. Qxd3 g6 10. O-O Bg7 11. Ne4 Nxe4 12. Qxe4 f5 13. Qe2 Nxd4 14. Nxd4 Bxd4 15. Ra3 O-O-O 16. c3 Qe5 17. Qc4 Bc5 18. b4 Bd6 19. g3 g5 20. Ra2 f4 21. Re2 Qf5 22. g4 Qd7 23. b5 a5 24. b6 h5 25. bxc7 Qxc7 26. Qxc7+ Kxc7 27. gxh5 Rxh5 28. Kg2 Rdh8 29. Re6 Rxh3 {0-} 0-1

[Event "45th FIDE Olympiad 2024"]
[Site "Budapest"]
[Date "2024.09.16"]
[Round "6.198"]
[White "Ondozi, Murtez"]
[Black "Yee, Soon Wei"]
[Result "1-0"]
[WhiteElo "2371"]
[BlackElo "2219"]
[PlyCount "75"]
[EventDate "2024.09.05"]
[EventType "team-tourn"]
[EventCountry "HUN"]
[WhiteTeam "Kosovo"]
[BlackTeam "Brunei Darussalam"]
[WhiteTeamCountry "KOS"]
[TimeControl "40/5400+30:1800+30"]

1. d4 Nf6 2. c4 c5 3. Nf3 cxd4 4. Nxd4 e5 5. Nb5 d5 6. cxd5 Bc5 7. e3 O-O 8. N5c3 Qe7 9. Be2 e4 10. a3 Rd8 11. b4 Bd6 12. Bb2 Bf5 13. Nd2 Nbd7 14. Nc4 Bb8 15. d6 Qf8 16. Nd5 Bxd6 17. Nxd6 Qxd6 18. Nxf6+ Nxf6 19. Qxd6 Rxd6 20. Rc1 Bg4 21. f3 Bh5 22. Be5 Re6 23. Bd4 a5 24. b5 exf3 25. gxf3 Nd5 26. Kf2 Rae8 27. Bc4 Rd6 28. Bc5 Rd7 29. Rhd1 Nf6 30. Rxd7 Nxd7 31. Bd4 Nf6 32. Bb3 h6 33. Rc7 a4 34. Bc4 Bg6 35. b6 Rd8 36. Rxb7 Ne8 37. Ra7 Nd6 38. Ba6 1-0

[Event "45th FIDE Olympiad 2024"]
[Site "Budapest"]
[Date "2024.09.16"]
[Round "6.199"]
[White "Lim Teck Guan, Rodney"]
[Black "Uruci, Endrit"]
[Result "0-1"]
[WhiteElo "1931"]
[BlackElo "2348"]
[PlyCount "116"]
[EventDate "2024.09.05"]
[EventType "team-tourn"]
[EventCountry "HUN"]
[WhiteTeam "Brunei Darussalam"]
[BlackTeam "Kosovo"]
[BlackTeamCountry "KOS"]
[TimeControl "40/5400+30:1800+30"]

1. d4 Nf6 2. c4 e6 3. Nc3 Bb4 4. Bd2 O-O 5. Nf3 b6 6. e3 Bb7 7. Bd3 d6 8. a3 Bxc3 9. Bxc3 Ne4 10. O-O Nxc3 11. bxc3 c5 12. Qc2 h6 13. Nd2 Nc6 14. f4 Qe7 15. Rae1 Rae8 16. f5 exf5 17. Bxf5 Na5 18. Bd3 Bc8 19. Bh7+ Kh8 20. Bf5 Bb7 21. Bd3 Ba6 22. d5 Bc8 23. Bf5 Bxf5 24. Rxf5 Qh4 25. g3 Qe7 26. e4 Qd7 27. Ref1 Re7 28. Qd1 f6 29. g4 Rfe8 30. g5 fxg5 31. Rf8+ Rxf8 32. Rxf8+ Kh7 33. Qf3 Nb7 34. e5 Rxe5 35. Rf7 Re7 36. Qe4+ Rxe4 37. Rxd7 Rg4+ 38. Kf2 Na5 39. Rxa7 Nxc4 40. Nxc4 Rxc4 41. Rb7 Rxc3 42. Rxb6 Rxa3 43. Rxd6 Rd3 44. Kg2 g4 45. Kf2 h5 46. Ke2 Rh3 47. Rc6 Rxh2+ 48. Ke3 Rh1 49. Kf4 Rf1+ 50. Kg3 Rf3+ 51. Kg2 Rd3 52. Rxc5 Kg6 53. Rc6+ Kg5 54. d6 Rd2+ 55. Kg1 g3 56. Rc7 Kg4 57. Rxg7+ Kh3 58. Kf1 Rxd6 {0-} 0-1

[Event "45th FIDE Olympiad 2024"]
[Site "Budapest"]
[Date "2024.09.16"]
[Round "6.200"]
[White "Asllani, Muhamet"]
[Black "Pg. Shahridin, Ak. Abdul Wafie"]
[Result "0-1"]
[WhiteElo "2191"]
[BlackElo "1912"]
[PlyCount "58"]
[EventDate "2024.09.05"]
[EventType "team-tourn"]
[EventCountry "HUN"]
[WhiteTeam "Kosovo"]
[BlackTeam "Brunei Darussalam"]
[WhiteTeamCountry "KOS"]
[TimeControl "40/5400+30:1800+30"]

1. d4 f5 2. c4 e6 3. a3 Nf6 4. g3 Be7 5. Bg2 O-O 6. Nc3 d6 7. Nh3 e5 8. dxe5 dxe5 9. Nd5 c6 10. Nxe7+ Qxe7 11. O-O Be6 12. Qc2 h6 13. b3 g5 14. f4 gxf4 15. gxf4 e4 16. e3 Kh7 17. Bb2 Ng4 18. Qc3 Rg8 19. Nf2 Nd7 20. Nxe4 Rg6 21. h3 Ngf6 22. Nxf6+ Nxf6 23. Kh2 Rag8 24. Bf3 Ne4 25. Qc2 Qh4 26. Rg1 Rxg1 27. Rxg1 Rxg1 28. Bg2 Qe1 29. Bd4 Rh1+ {0-} 0-1

[Event "45th FIDE Olympiad 2024"]
[Site "Budapest"]
[Date "2024.09.16"]
[Round "6.201"]
[White "Xie, Felix"]
[Black "Mfune, Petros"]
[Result "1/2-1/2"]
[WhiteElo "2320"]
[BlackElo "1986"]
[PlyCount "66"]
[EventDate "2024.09.05"]
[EventType "team-tourn"]
[EventCountry "HUN"]
[WhiteTeam "New Zealand"]
[BlackTeam "Malawi"]
[WhiteTeamCountry "NZL"]
[BlackTeamCountry "MWI"]
[TimeControl "40/5400+30:1800+30"]

1. e4 d5 2. exd5 Nf6 3. Bb5+ Nbd7 4. d4 Nxd5 5. Nf3 c6 6. Be2 g6 7. O-O Bg7 8. Re1 O-O 9. c4 Nc7 10. Bf1 e5 11. dxe5 Nxe5 12. Qb3 Nxf3+ 13. Qxf3 Ne6 14. Rd1 Qb6 15. Na3 Nd4 16. Qf4 Bf5 17. c5 Qxc5 18. Be3 Rad8 19. Nc4 b5 20. Na5 Qb4 21. Nb3 c5 22. Bd2 Qa4 23. Nxc5 Ne6 24. Nxe6 Bxe6 25. Qb4 Qc2 26. Rac1 Qxb2 27. Qxb2 Bxb2 28. Rc2 Bd4 29. Bxb5 Bf5 30. Rcc1 Bb2 31. Rc7 Be5 32. Rcc1 Bb2 33. Rc7 Be5 1/2-1/2

[Event "45th FIDE Olympiad 2024"]
[Site "Budapest"]
[Date "2024.09.16"]
[Round "6.202"]
[White "Mwale, Joseph"]
[Black "Middelburg, Tom"]
[Result "0-1"]
[WhiteElo "2063"]
[BlackElo "2355"]
[PlyCount "76"]
[EventDate "2024.09.05"]
[EventType "team-tourn"]
[EventCountry "HUN"]
[WhiteTeam "Malawi"]
[BlackTeam "New Zealand"]
[WhiteTeamCountry "MWI"]
[BlackTeamCountry "NZL"]
[TimeControl "40/5400+30:1800+30"]

1. Nf3 Nf6 2. g3 b5 3. Bg2 Bb7 4. a4 b4 5. c4 e6 6. d4 c5 7. d5 exd5 8. Nh4 g6 9. cxd5 Bg7 10. O-O O-O 11. e4 d6 12. Re1 Re8 13. Nd2 Ba6 14. e5 dxe5 15. d6 Nbd7 16. Bxa8 Qxa8 17. Qc2 Qd5 18. Nf1 Bd3 19. Qd1 e4 20. Bf4 Nh5 21. Ne3 Qe6 22. f3 Nxf4 23. gxf4 Bxb2 24. fxe4 Bxe4 25. f5 Qf6 26. fxg6 hxg6 27. Ra2 Bd4 28. Qg4 Qxd6 29. Rf2 Nf6 30. Qg5 Qe5 31. Qxe5 Rxe5 32. Nhg2 Bxg2 33. Rxf6 Rxe3 34. Rxe3 Bxe3+ 35. Kxg2 b3 36. Rc6 Kg7 37. Rc7 Bd2 38. Rxc5 a5 {0-} 0-1

[Event "45th FIDE Olympiad 2024"]
[Site "Budapest"]
[Date "2024.09.16"]
[Round "6.203"]
[White "Renjith, Sravan"]
[Black "Chipanga, Chiletso"]
[Result "1-0"]
[WhiteElo "2325"]
[BlackElo "2089"]
[PlyCount "125"]
[EventDate "2024.09.05"]
[EventType "team-tourn"]
[EventCountry "HUN"]
[WhiteTeam "New Zealand"]
[BlackTeam "Malawi"]
[WhiteTeamCountry "NZL"]
[BlackTeamCountry "MWI"]
[TimeControl "40/5400+30:1800+30"]

1. e4 c5 2. Nf3 Nc6 3. d3 Qc7 4. g3 g6 5. Bg2 Bg7 6. O-O Nf6 7. Re1 d6 8. c3 O-O 9. h3 e5 10. Nbd2 h6 11. Nf1 Be6 12. Be3 b6 13. d4 Na5 14. d5 Bd7 15. Qc2 Nh7 16. Qc1 h5 17. Bh6 f5 18. exf5 Bxf5 19. Nh4 Bd3 20. Qd2 c4 21. Be4 Bxe4 22. Rxe4 Bxh6 23. Qxh6 Rf6 24. Qd2 Raf8 25. Re2 Nb7 26. Qe3 g5 27. Ng2 Nc5 28. Nd2 b5 29. Rf1 Qd7 30. Kh2 Rh6 31. b3 cxb3 32. axb3 Rhf6 33. b4 Na4 34. Ne1 Rg6 35. Qd3 Kg7 36. Ng2 Rgf6 37. Ne4 Rf3 38. Re3 R3f5 39. Qe2 Nb6 40. Rd3 Kh6 41. g4 hxg4 42. hxg4 R5f7 43. Rh3+ Kg7 44. Ne3 Kg8 45. Rh6 Nc4 46. Nxc4 bxc4 47. Rxd6 Qc8 48. Rg6+ Rg7 49. Rxg7+ Kxg7 50. Nd6 Qd8 51. Qxe5+ Qf6 52. Nxc4 Rc8 53. Qe4 Qxc3 54. Ne5 Qc2 55. Qd4 Nf6 56. Qxa7+ Rc7 57. Qe3 Qh7+ 58. Kg1 Qh4 59. Qd4 Kg8 60. d6 Rd7 61. Nxd7 Nxd7 62. Re1 Nf6 63. d7 1-0